Cogmind - Beta 9.5 @@@ ROGUE MODE // 2020.04.02 @ 14:59:24 // Halloween2019/Abominations Player: TBExtent Result: Destroyed by Lesser Abomination with Light Assault Rifle Performance ------------- Evolutions (0) 0 Regions Visited (1) 200 Robots Destroyed (4) 20 Value Destroyed (240) 240 Prototype IDs (0) 0 Alien Tech Used (0) 0 Bonus (0) 0 TOTAL SCORE: 460 Bonus ------- None Cogmind --------- Core Integrity 0/250 Matter 192/300 Energy 100/100 System Corruption 2% Temperature Cool (0) Movement Treading (220) Ox3 Location -10/Materials Parts ------- > --- POWER (1) -------- (None) > --- PROPULSION (2) --- Light Treads Aluminum Leg > --- UTILITY (2) ------ High-capacity Storage Unit High-capacity Storage Unit > --- WEAPON (2) ------- Grenade Launcher > --- INVENTORY (20) --- Light Ion Engine Light Treads Wheel Small Storage Unit Peak State ------------ > --- POWER ------------ Ion Engine > --- PROPULSION ------- Aluminum Leg Aluminum Leg > --- UTILITY ---------- Small Storage Unit High-capacity Storage Unit > --- WEAPON ----------- Assault Rifle Light Assault Rifle > --- INVENTORY -------- Light Ion Engine Light Treads Light Treads Wheel Small Laser Grenade Launcher [Rating: 7] Favorites ----------- Power Ion Engine Engine Ion Engine Propulsion Aluminum Leg Treads Light Treads Leg Aluminum Leg Utility High-capacity Storage Unit Storage High-capacity Storage Unit Weapon Assault Rifle Energy Gun Small Laser Ballistic Gun Assault Rifle Launcher Grenade Launcher Build | -11 -10 ------- Run | Scr Mat Slots Evolved . | . . Power . | . . Propulsion . | . . Utility . | . . Weapon . | . . Parts Attached 6 | 1 5 Power . | . . Engine . | . . Core . | . . Reactor . | . . Propulsion 1 | . 1 Treads 1 | . 1 Leg . | . . Wheel . | . . Hover . | . . Flight . | . . Utility 2 | . 2 Device . | . . Storage 2 | . 2 Processor . | . . Hackware . | . . Protection . | . . Artifact . | . . Weapon 3 | 1 2 Energy Gun 1 | . 1 Energy Cannon . | . . Ballistic Gun 1 | 1 . Ballistic Cannon . | . . Launcher 1 | . 1 Special Weapon . | . . Impact Weapon . | . . Slashing Weapon . | . . Piercing Weapon . | . . Special Melee Weapon . | . . Unidentified Prototypes . | . . Parts Lost 5 | . 5 Power 1 | . 1 Propulsion 1 | . 1 Utility . | . . Weapon 3 | . 3 Highest Loss Streak 5 | . 5 Average Slot Usage (%) 90 | . 90 Engine 10 | . 10 Treads 2 | . 2 Leg 25 | . 25 Storage 24 | . 24 Ballistic Gun 24 | . 24 Naked Turns . | . . Heaviest Build 72 | 12 72 Greatest Support 20 | 20 20 Greatest Overweight (x) 3 | . 3 Average Overweight (x) 1 | . 1 Largest Inventory Capacity 20 | 6 20 Average Capacity 16 | 6 16 Most Carried 7 | 6 7 Average Carried 6 | 6 6 Final Capacity 20 | 6 20 Final Carried 6 | 6 4 Class Distribution -------------------- 66% | Hauler-Mutant 33% | Mutant Dominant Class ---------------- Hauler-Mutant | -10/Materials Resources | -11 -10 ----------- Run | Scr Mat Matter Collected 254 | 210 44 Remotely . | . . Salvage Created 165 | . 165 Parts 19 | . 19 Haulers Intercepted . | . . Recyclers Shooed . | . . Parts Field Recycled . | . . Retrieved Matter . | . . Parts Self-Destructed . | . . Prevented . | . . Kills | -11 -10 ------- Run | Scr Mat Combat Hostiles Destroyed 4 | . 4 Guns 3 | . 3 AOE 1 | . 1 Classes Destroyed 1 | . 1 Abomination 4 | . 4 Best Kill Streak 2 | . 2 Combat Bots Only 2 | . 2 Max Kills in Single Turn 1 | . 1 Gunslinging . | . . Exploded 1 | . 1 Melee . | . . Uniques/NPCs Destroyed . | . . Combat | -11 -10 -------- Run | Scr Mat Damage Taken 1039 | . 1039 Core 250 | . 250 Absorbed by Shields . | . . Core Remaining (%) 100 | 100 . Volleys Fired 22 | . 22 Largest 2 | . 2 Hottest 60 | . 60 Shots Fired 36 | . 36 Gun 29 | . 29 Cannon . | . . Launcher 7 | . 7 Special . | . . Kinetic 26 | . 26 Thermal 3 | . 3 Explosive 7 | . 7 Electromagnetic . | . . Robot Hit Streak 12 | . 12 Robot Miss Streak 1 | . 1 Penetration Max . | . . Secondary Targets . | . . Shots Hit Robots 29 | . 29 Core Hits 17 | . 17 Critical Hits . | . . Critical Kills . | . . Critical Parts Destroyed . | . . Melee Attacks . | . . Impact . | . . Slashing . | . . Piercing . | . . Sneak Attacks . | . . Combat Hostiles . | . . Follow-up Attacks . | . . Damage Inflicted 513 | . 513 Guns 261 | . 261 Cannons . | . . Explosions 252 | . 252 Melee . | . . Ramming . | . . Kinetic 234 | . 234 Thermal 27 | . 27 Explosive 252 | . 252 Electromagnetic . | . . Impact . | . . Slashing . | . . Piercing . | . . Highest Corruption 2 | . 2 Average Corruption 2 | . 2 Corruption Purged . | . . Effects 1 | . 1 Message Errors 1 | . 1 Overload Shots . | . . Overflow Damage 2 | . 2 Projectiles . | . . Explosions 2 | . 2 Melee . | . . Knockbacks . | . . Impact . | . . Kinetic . | . . Secondary . | . . Self-Inflicted Damage 34 | . 34 Shots 2 | . 2 Rammed . | . . Targets Rammed . | . . Kicked . | . . Crushed . | . . Highest Temperature 1 | . 1 Average Temperature 1 | . 1 Received Heat Transfer 84 | . 84 Siege Activations . | . . Robots Corrupted . | . . Combat Hostiles . | . . Parts Fried . | . . Impact Corruptions . | . . Robots Melted . | . . Combat Hostiles . | . . Parts Melted . | . . Heat Transferred 12 | . 12 Parts Sabotaged . | . . Parts Stolen . | . . Parts Stripped . | . . Power Chain Reactions . | . . Missiles Intercepted . | . . Alert | -11 -10 ------- Run | Scr Mat Peak Influence 5 | . 5 Average Influence 2 | . 2 Maximum Alert Level . | . . Low Security (%) 100 | 100 100 Level 1 . | . . Level 2 . | . . Level 3 . | . . Level 4 . | . . Level 5 . | . . High Security . | . . Max Security . | . . Squads Dispatched 3 | . 3 Investigation 1 | . 1 Extermination . | . . Reinforcement 2 | . 2 Assault . | . . Garrison . | . . Intercept . | . . Construction Impeded . | . . Haulers Reinforced . | . . Stealth | -11 -10 --------- Run | Scr Mat Distress Signals . | . . Communications Jammed . | . . Distress Signals . | . . Times Spotted 9 | . 9 Peak Tracking Total 5 | . 5 Tactical Retreats . | . . Traps | -11 -10 ------- Run | Scr Mat Traps Triggered . | . . Indirectly . | . . Trap Hack Attempts . | . . Triggered . | . . Disarmed . | . . Reprogrammed . | . . Reused . | . . Traps Extracted . | . . Installed . | . . Triggered . | . . Machines | -11 -10 ---------- Run | Scr Mat Machines Disabled . | . . Max in Single Turn . | . . Machines Sabotaged . | . . Garrisons Compromised . | . . Overloaded Fab Kills . | . . Fab Network Shutdowns . | . . Hacking | -11 -10 --------- Run | Scr Mat Machines Accessed 2 | . 2 Terminals 2 | . 2 Fabricators . | . . Repair Stations . | . . Recycling Units . | . . Scanalyzers . | . . Garrison Access . | . . Total Hacks 10 | . 10 Successful 7 | . 7 Failed 3 | . 3 Catastrophic 1 | . 1 Database Lockouts . | . . Manual 6 | . 6 Terminals 10 | . 10 Fabricators . | . . Repair Stations . | . . Recycling Units . | . . Scanalyzers . | . . Garrison Access . | . . Terminal Hacks 2 | . 2 Emergency Access Points 1 | . 1 Zone Layout 1 | . 1 Fabricator Hacks . | . . Repair Station Hacks . | . . Recycling Unit Hacks . | . . Scanalyzer . | . . Garrison Access Hacks . | . . Unauthorized Hacks 11 | . 11 Terminals 5 | . 5 Track 2 | . 2 Botnet 2 | . 2 Disrupt 1 | . 1 Fabricators . | . . Repair Stations . | . . Recycling Units . | . . Scanalyzers . | . . Garrison Access . | . . Data Cores Recovered . | . . Used . | . . Hacking Detections 2 | . 2 Full Trace Events . | . . Feedback Events . | . . Feedback Blocked . | . . Robot Schematics Acquired . | . . Robots Built . | . . Matter . | . . Time . | . . Total Robot Build Rating . | . . Part Schematics Acquired . | . . Parts Built . | . . Matter . | . . Time . | . . Total Part Build Rating . | . . Parts Repaired . | . . Time . | . . Parts Recycled . | . . Recycled Matter . | . . Retrieved Matter . | . . Retrieved Components . | . . Parts Scanalyzed . | . . Part Schematics Acquired . | . . Parts Damaged . | . . Bothacking | -11 -10 ------------ Run | Scr Mat Used RIF Installer . | . . Robots Hacked . | . . Non-combat . | . . Combat . | . . Robot Hacks Applied . | . . Relay Couplers Released . | . . Robots Rewired . | . . Allies Hacked . | . . Hacks Repelled . | . . Allies | -11 -10 -------- Run | Scr Mat Total Allies . | . . Largest Group . | . . Highest-Rated Group . | . . Highest-Rated Ally . | . . Total Orders . | . . Ally Attacks . | . . Total Damage . | . . Kills . | . . Allies Corrupted . | . . Allies Melted . | . . Intel | -11 -10 ------- Run | Scr Mat Robot Analysis Total . | . . Derelict Logs Recovered . | . . Drone Launches . | . . Drone Recoveries . | . . Exploration | -11 -10 ------------- Run | Scr Mat Turns Passed 168 | 4 164 Spaces Moved 62 | 3 59 Core . | . . Treads 1 | . 1 Legs 61 | 3 58 Wheels . | . . Hover . | . . Flight . | . . Fastest Speed 120 | 120 120 Average Speed 159 | 120 161 Slowest Speed 220 | 120 220 Overloaded Moves . | . . Propulsion Burnouts . | . . Robots Hopped . | . . Cave-ins Triggered 1 | . 1 Exploration Rate (%) 14 | 2 26 Regions Visited 1 Branch Regions . Pre-discovered Areas . | . . Known Exits Taken . | . . Unknown Exits Taken 1 | 1 . Scrap Searched . | . . Spaces Dug . | . . Terrain Destroyed 3 | . 3 Melee . | . . Projectile . | . . AOE 3 | . 3 Actions | -11 -10 --------- Run | Scr Mat Total 92 | 3 89 Wait . | . . Move 61 | 2 59 Hop . | . . Pick Up 2 | . 2 Fast Attach 1 | . 1 Attach 3 | . 3 Detach . | . . Swap 2 | 1 1 Drop 1 | . 1 Fire 22 | . 22 Melee . | . . Ram . | . . Kick . | . . Crush . | . . Escape Stasis . | . . Rewire . | . . Trap . | . . Miscellaneous . | . . Route ------- -11/Scrapyard -10/Materials History --------- Turn | Location | Event 3 | -11/Scrapyard | Discovered new exit (range 1) 5 | -11/Scrapyard | Entered Materials 122 | -10/Materials | Crushed by falling debris 122 | -10/Materials | Core integrity fell below 50% 143 | -10/Materials | Core integrity fell below 20% 169 | -10/Materials | Destroyed by Lesser Abomination with Light Assault Rifle Last Messages --------------- 00142_ Lesser Abomination absorbs Wheel. 00142_ Lesser Abomination absorbs Grenade Launcher. 00142_ K-01 Serf collects debris. 00143_ LV|#I0F/VD9:AJEDAYTYQTKY 7L&XBI 00145_ K-01 Serf destroyed. 00146_ Lesser Abomination absorbs Lgt. Ion Engine. 00148_ Sml. Laser destroyed. 00150_ Lesser Abomination absorbs Signal Interpreter. 00152_ Assault Rifle destroyed. 00153_ The unstable cave ceiling collapses. 00153_ Lesser Abomination destroyed. 00154_ Lesser Abomination absorbs Lgt. Ion Engine. 00155_ The unstable cave ceiling collapses. 00157_ Lesser Abomination sheds Hungry Anomaly. 00157_ The unstable cave ceiling collapses. 00161_ Lesser Abomination feeds off Hungry Anomaly, taking Imp. Heat Sink. 00164_ The unstable cave ceiling collapses. 00168_ Destroyed Terrain Scanner. 00168_ Destroyed Lgt. Ion Engine. Map ----- +----------------------------------------------------+ | ?????? #???# ####### #?# ??????????? | | ??????####+###### #?????#A#?# ????????????? | | ??????# ## #?????# #?## ????????????? | | ??????# Tn ## % #?????#=#?####????????????? | | ??????# """## #?????# #?????????????????? | | ??????# """## #?????# #?????????????????? | | ??????# """## ####### #?????????????????? | | ??????# """####+#### # #?????????????????? | | ??????# """##! % # """ # #?????????????????? | | ??????# ## T # """ # #?????????????????? | | ??????# ## # """ # ######????????????? | | ??????######?#### # # ????????????? | | ?????? # ## # A ????????????? | | ?????? # ## """ # # ????????????? | | ?????? # ## """ # ##;;;;;;????????????? | | ?????? ? #" =""" # " #?; ????????????? | | ?????? ""# n; %! # T # ; ????????????? | | ?????? Y"# ;; """ # " #;; """????????????? | | ?????? ""# ;; """ # ; ; """"????????????? | | ?????? # n ;; """ ######; ; """??????????? | | ??????+### A; ; # ??????????? | | ?????? "";; ?????????? | | ?????? ;;;;;;;;?????????? | | ?????? %n% % ????????? | | ?????? A ;;;;;;;;????????? | | ??????? " ; ; @ ????????? | | ???????" " #####????????????? | | ???????? n #????????????????? | | ?????????"";; #????????????????? | | ?????????? % #????????????????? | | ?????????? ; #????????????????? | | ??????????" ; #????????????????? | | ??????????? ; ; #????????????????? | | ???????????? ; ;;#########????????????????? | | ???????????? ; % ; ?????????????????????????? | | ????????????? ; ;;?????????????????????????? | | ????????????? %%; % ; ?????????????????????????? | | ??????????????? # %%; ?????????????????????????? | | ??????????????????; ; ?????????????????????????? | | ???????????????????? ;??????????????????????????? | | ?????????????????????????????????????????????????? | | ?????????????????????????????????????????????????? | | ?????????????????????????????????????????????????? | | ?????????????????????????????????????????????????? | | ?????????????????????????????????????????????????? | | ?????????????????????????????????????????????????? | | ?????????????????????????????????????????????????? | | ?????????????????????????????????????????????????? | | ?????????????????????????????????????????????????? | | ?????????????????????????????????????????????????? | +----------------------------------------------------+ Best States ------------- Heat Dissipation 25 Energy Generation 10 Energy Capacity 250 Matter Stores 300 Matter Capacity 300 Sight Range 16 Terrain Scan Density 10 Evasion (%) 40 Recoil Reduction 1 Item Schematics ----------------- None Robot Schematics ------------------ None Fabricated ------------ Nothing Alien Tech Used ----------------- None Achievements -------------- None Challenges ------------ None Game ------ Seed CatalystHoverLauncher Manual? 0 Play Time 00:04:38 Cumulative 211.1 hours Start 2020.04.02 @ 14:55:25 End 2020.04.02 @ 14:59:24 Sessions 1 Manual Loads 0 Difficulty Rogue Special Mode Halloween2019/Abominations Game No. 122 Rogue 114 Adventurer 8 Explorer 0 Win Type - Total 9 Types 7/0/0/2/0/0/0 Lore% 73 Gallery% 74 Achievement% 63 Wizard Run 0 Options --------- ASCII 0 Keyboard 0 Movement Mouse Keybinds 0 Fullscreen 2 Font 14/SmallcapsGlow Map View 72x52 Tactical HUD 1 Map Filters NONE Filters NONE Steam 0 RUN: a0cdc7ed-b1b6-4741-b68b-25fa092e471b